 Seeded DCSS version 0.28-a0-1518-gbe868bca14 (webtiles) character file.

Game seed: 14539205175287076395 (custom seed)

0 innerfire433 the Stinger (level 1, -3/14 HPs)
             Began as a Minotaur Venom Mage on Jan 16, 2022.
             Slain by a quokka (4 damage)
             ... on level 1 of the Dungeon.
             The game lasted 00:00:12 (79 turns).

innerfire433 the Stinger (Minotaur Venom Mage)        Turns: 79, Time: 00:00:13

Health: -3/14      AC:  2    Str: 12    XL:     1   Next: 8%
Magic:  1/1        EV: 12    Int: 12    God:
Gold:   14         SH:  0    Dex: 10    Spells: 1/2 levels left

rFire   . . .      SeeInvis .   (no weapon)
rCold   . . .      Faith    .   (no shield)
rNeg    . . .      Spirit   .   a - +0 robe
rPois   .          Reflect  .   (helmet restricted)
rElec   .          Harm     .   (no cloak)
rCorr   .          Rampage  .   (no gloves)
Will    .....                   (no boots)
Stlth   ++........              (no amulet)
HPRegen 0.04/turn               (no ring)
MPRegen 0.07/turn               (no ring)

@: no status effects
A: horns 2, retaliatory headbutt
a: no special abilities


You were on level 1 of the Dungeon.
You visited 1 branch of the dungeon, and saw 1 of its levels.

You collected 14 gold pieces.

Inventory:

Armour
 a - a +0 robe (worn)
Scrolls
 b - a scroll of vulnerability {unknown}


   Skills:
 + Level 2.1 Dodging
 + Level 1.5 Stealth
 + Level 1.3 Spellcasting
 + Level 0.7 Transmutations
 + Level 2.2 Poison Magic


You had one spell level left.
You knew the following spells:

 Your Spells              Type           Power      Damage    Failure   Level
a - Sting                 Tmut/Pois      16%        1d3       16%         1

Your spell library contained the following spells:

 Spells                   Type           Power      Damage    Failure   Level
 Poisonous Vapours        Pois/Air       6%         N/A       28%         2
 Mephitic Cloud           Conj/Pois/Air  2%         N/A       54%         3
 Olgreb's Toxic Radiance  Pois           6%         N/A       75%         4


Dungeon Overview and Level Annotations

Branches:
Dungeon (1/15)

Altars:


Innate Abilities, Weirdness & Mutations

You have a pair of horns on your head.
You reflexively headbutt those who attack you in melee.


Message History

You closely miss the quokka. The quokka closely misses you.
The bat barely misses you.
There are monsters nearby!
You barely miss the bat. The bat hits you but does no damage.
The quokka completely misses you.
You closely miss the quokka. Your headbutt misses the quokka.
The bat closely misses you.
The quokka bites you but does no damage.
The quokka closely misses you.
You barely miss the quokka. Your headbutt misses the quokka.
The bat misses you. The quokka bites you.
You hit the bat. Your headbutt misses the bat.
The bat is moderately wounded.
The bat hits you but does no damage. The quokka barely misses you.
You hit the quokka but do no damage. The bat barely misses you.
The quokka closely misses you.
You closely miss the quokka. The bat barely misses you. The quokka bites you.
The bat barely misses you. The bat hits you but does no damage.
The quokka bites you. The quokka barely misses you. The bat barely misses you.
You see here a scroll labelled LIMIPI WUUV.
b - a scroll labelled LIMIPI WUUV The quokka closely misses you.
The quokka bites you but does no damage.
Found a cyan potion.
The bat hits you but does no damage. The bat hits you but does no damage.
The bat closely misses you.
Found a stone staircase leading down.
The bat barely misses you. You furiously retaliate!
You headbutt the bat!
You kill the bat!
The quokka bites you.
Found a robe.
The quokka closely misses you. The quokka bites you.
* * * LOW HITPOINT WARNING * * *
The quokka bites you.
* * * LOW HITPOINT WARNING * * *
The quokka bites you.
You die...

#.#. #........#
....##.....>..#
#.............#
...... ......#
#..#.# ##.#..#
.....####.....##
.....#.........###
.(.....†.!..#..r.#
.).#.####.#.####@#
..........#.# #.#
...#.#.#.##.# #.#
...#.#.#....[ ..#
.#........#.# ###
.##.#######.#
....## .....#
###..###


You could see a quokka.

Vanquished Creatures
  A bat (D:1)
1 creature vanquished.

Notes
Turn   | Place    | Note
-------+----------+-------------------------------------------
     0 | D:1      | innerfire433 the Minotaur Venom Mage began the quest for
                  | the Orb.
     0 | D:1      | Reached XP level 1. HP: 14/14 MP: 1/1
    79 | D:1      | Slain by a quokka

Illustrated notes

Levels and vault maps discovered:
D:1:      dpeg_arrival_rooms_c, layout_basic,
          dreamdust_ecumenical_altar_angels_and_demons, serial_shops,
          nicolae_shop_hallway_plus

Action                   || total
-------------------------++-------
Melee: Unarmed           ||     9
Armor: Robe              ||     7
Dodge: Dodged            ||    18

Table legend: (Time is in decaauts)
 A = Elapsed time spent in this place.
 B = Non-inter-level travel time spent in this place.
 C = Inter-level travel time spent in this place.
 D = Time resting spent in this place.
 E = Time spent auto-exploring this place.
 F = Levels seen in this place.
 G = Mean time per level.
                   A        B        C        D        E       F      G
               +--------+--------+--------+--------+--------+-----+--------+
         Total |     79 |     79 |      0 |      0 |     37 |   1 |   79.0 |
       Dungeon |     79 |     79 |      0 |      0 |     37 |   1 |   79.0 |
               +--------+--------+--------+--------+--------+-----+--------+

Top non-repeatable levels by time:
     D:1: 79 daAuts
